 Dungeon Crawl Stone Soup version 0.20-a0-494-gf50ee04 (webtiles) character file.

12639 nono the Protected (level 12, -1/80 HPs)
             Began as a Halfling Fighter on Jan 17, 2017.
             Was a Priest of Trog.
             Killed from afar by a lindwurm (45 damage)
             ... with a blast of flame
             ... on level 2 of the Lair of Beasts.
             The game lasted 00:50:15 (12263 turns).

nono the Protected (Halfling Fighter)              Turns: 12263, Time: 00:50:16

Health: -1/80      AC: 15    Str: 21    XL:     12   Next: 22%
Magic:  12/12      EV: 14    Int:  6    God:    Trog [***...]
Gold:   668        SH: 14    Dex: 15    Spells: 11/11 levels left

rFire    . . .     SeeInvis .   b - +3 dagger (venom)
rCold    + . .     Gourm    +   t - +0 chain mail
rNeg     + . .     Faith    .   c - +1 shield
rPois    +         Spirit   .   (no helmet)
rElec    +         Reflect  .   K - +0 cloak
rCorr    .         Harm     .   (no gloves)
MR       .....                  (no boots)
Stlth    ..........             Q - amulet of the gourmand
Regen    0.3/turn               Y - ring "Xiomuff" {*Corrode rElec rC+ rN+}
                                o - ring of poison resistance

@: no status effects
A: molten scales 1, mutation resistance 1
a: Berserk, Trog's Hand, Burn Spellbooks, Renounce Religion


You were on level 2 of the Lair of Beasts.
You worshipped Trog.
Trog was most pleased with you.
You were full.

You visited 2 branches of the dungeon, and saw 11 of its levels.
You also visited: Labyrinth.

You collected 668 gold pieces.

Inventory:

Hand Weapons
 a - a +0 long sword
 b - a +3 dagger of venom (weapon)
 e - a +1 short sword of freezing
Missiles
 h - 17 tomahawks (quivered)
Armour
 c - a +1 shield (worn)
 t - a +0 chain mail (worn)
 K - a +0 cloak (worn)
Jewellery
 o - a ring of poison resistance (left hand)
 H - an uncursed ring of protection from magic
 J - an uncursed amulet of magic regeneration
 Q - an amulet of the gourmand (around neck)
 U - an uncursed ring of resist corrosion
 Y - the ring "Xiomuff" (right hand) {*Corrode rElec rC+ rN+}
   (You found it in a labyrinth)

   [ring of protection from cold]

   It protects you from cold.
   It insulates you from electricity.
   It protects you from negative energy.
   It may corrode you when you take damage.
Wands
 D - a wand of acid (10/15)
 G - a wand of random effects (0/48)
 P - a wand of random effects (8/48)
 S - a wand of confusion (35/48)
 T - a wand of digging (7/24)
 V - a wand of iceblast (6/15)
 W - a wand of acid (5/15)
 X - a wand of disintegration (11/24)
Scrolls
 g - 3 scrolls of fear
 i - 4 scrolls of enchant weapon
 j - 5 scrolls of teleportation
 l - 3 scrolls of magic mapping {unknown}
 p - 3 scrolls of enchant armour
 q - 2 scrolls of immolation {unknown}
 v - a scroll of recharging {unknown}
 y - 3 scrolls of amnesia
 B - a scroll of remove curse
 C - a scroll of fog {unknown}
 F - a scroll of blinking {unknown}
 I - a scroll of vulnerability {unknown}
 M - a scroll of noise {unknown}
 Z - a scroll of torment {unknown}
Potions
 d - a potion of might
 k - a potion of cure mutation
 n - a potion of cancellation
 r - 2 potions of heal wounds
 s - a potion of brilliance
 u - a potion of resistance {unknown}
 w - a potion of flight
 x - 3 potions of haste
 z - 3 potions of curing
 A - 2 potions of berserk rage
 L - 4 potions of lignification {unknown}
 O - 2 potions of mutation
Comestibles
 f - 10 bread rations
 m - 4 beef jerkies
 E - 5 meat rations
 N - 8 slices of pizza
 R - 7 fruits


   Skills:
 - Level 6.5 Fighting
 + Level 9.6 Long Blades
 + Level 10.6 Armour
 - Level 8.0 Dodging
 + Level 10.6 Shields


You had 11 spell levels left.
You didn't know any spells.

Dungeon Overview and Level Annotations

Branches:
Dungeon (9/15)             Temple (0/1) D:5            Lair (2/6) D:9
  Snake (0/4) Lair:2
  Swamp: Lair:2-4    Shoals: Lair:2-4       Orc: D:9-12

Altars:
Ashenzari
Elyvilon
Fedhas
Hepliaklqana
Kikubaaqudgha
Nemelex Xobeh
Qazlal
Trog
Uskayaw
Xom
Zin
The Shining One


Innate Abilities, Weirdness & Mutations

You are small and have problems with some larger weapons.
You are somewhat resistant to further mutation.
You are partially covered in molten scales. (AC +2)


Message History

You block the lindwurm's attack.
Your shield and chain mail prevent you from hitting the lindwurm.
The lindwurm is lightly wounded.
You block the lindwurm's attack. x2; The lindwurm closely misses you.
You hit the lindwurm but do no damage.
The lindwurm looks as sick as possible!
The lindwurm is lightly wounded.
The lindwurm breathes flames at you. The blast of flame hits you!
You hit the lindwurm.
The lindwurm looks as sick as possible!
The lindwurm is moderately wounded.
You hit the lindwurm.
The lindwurm is moderately wounded.
The lindwurm barely misses you. You block the lindwurm's attack.
The lindwurm claws you but does no damage.
You completely miss the lindwurm.
The lindwurm is moderately wounded.
The lindwurm breathes flames at you. The blast of flame hits you!
Ouch! That really hurt!
You die...

.....##....#.....##.##.#
......##....'....#.....
.....#.#.###P....##..%r
#.....#######....# .kr. ......P#
#.P#....###.#.## ##
..................##.##.## #.##
.......>.................####.!..
.................................
.........l......@.....<..........
#..............k.................
#....#...+.##.....#####..#r.....#
#... .. ##....# #..##.....# ....
#....# #..###...... .... #....#
#..?. #.....# .....+ #....# #....
#.....# #....#.# .....#
###.###...... #....#.##
####.......


You could see a lindwurm and a basilisk (wandering).

Vanquished Creatures
  A minotaur (Lab)
  5 spiny frogs
  5 blink frogs
  3 hippogriffs
  2 shadows (Lab)
  2 redbacks (Lab)
  16 yaks
  A human (D:8)
  Grum (D:8)
  2 basilisks
  3 nagas (Lair:2)
  4 water moccasins
  5 porcupines
  7 sky beasts
  2 ice beasts
  2 necrophages
  3 ogres
  2 wolves (D:8)
  8 crocodiles
  A centaur (D:6)
  A big kobold (D:8)
  5 bullfrogs
  6 scorpions
  8 wights
  A spriggan skeleton (Lab)
  A troll skeleton (Lab)
  A howler monkey (D:6)
  4 lava snakes (Lab)
  4 crimson imps
  A jelly (D:7)
  A bullfrog skeleton (D:9)
  2 hounds
  An iguana (D:5)
  3 orc wizards
  2 hell rats (Lair:2)
  7 worker ants
  A killer bee zombie (D:7)
  8 gnolls
  8 adders
  2 shadow imps
  5 adder skeletons
  4 worms
  2 dart slugs
  6 leopard geckos
  15 orcs
  9 bats
  2 giant cockroaches (D:2)
  7 goblins
  8 hobgoblins
  8 jackals
  6 quokkas
  A ball python (D:1)
  3 frilled lizards
  A giant cockroach zombie (D:6)
  14 kobolds
  2 kobold zombies (D:4)
  2 leopard gecko zombies
  2 orc skeletons (D:4)
  3 orc zombies (D:4)
  A quokka skeleton (D:6)
  4 rats
247 creatures vanquished.

Vanquished Creatures (others)
  7 fungi
  3 plants
10 creatures vanquished.

Grand Total: 257 creatures vanquished

Notes
Turn   | Place    | Note
-------+----------+-------------------------------------------
     0 | D:1      | nono the Halfling Fighter began the quest for the Orb.
     0 | D:1      | Reached XP level 1. HP: 15/15 MP: 1/1
    76 | D:1      | Reached XP level 2. HP: 9/20 MP: 2/2
   493 | D:1      | Reached XP level 3. HP: 19/25 MP: 3/3
  1061 | D:2      | Found a bloodstained altar of Trog.
  1066 | D:2      | Became a worshipper of Trog the Wrathful
  1139 | D:2      | Reached XP level 4. HP: 26/30 MP: 4/4
  1485 | D:3      | Found a shattered altar of Ashenzari.
  1588 | D:3      | Found a hazy altar of Hepliaklqana.
  1640 | D:3      | Reached XP level 5. HP: 30/35 MP: 5/5
  1642 | D:3      | Reached * piety under Trog
  2107 | D:3      | Reached XP level 6. HP: 41/41 MP: 6/6
  2396 | D:4      | Found a glowing golden altar of the Shining One.
  2418 | D:4      | Reached skill level 5 in Shields
  2591 | D:4      | Reached ** piety under Trog
  2633 | D:4      | Reached skill level 5 in Armour
  2633 | D:4      | Reached XP level 7. HP: 35/45 MP: 7/7
  2990 | D:5      | Entered Level 5 of the Dungeon
  3359 | D:5      | Reached skill level 5 in Long Blades
  3539 | D:5      | Found a staircase to the Ecumenical Temple.
  3705 | D:5      | Reached XP level 8. HP: 51/51 MP: 8/8
  3737 | D:5      | Found an ancient bone altar of Kikubaaqudgha.
  4274 | D:6      | Got a shadowed robe
  4275 | D:6      | Identified the +1 robe of Death Resistance {-Cast Str+5} (You found it on level 6 of the Dungeon)
  4434 | D:6      | Noticed a hippogriff
  4452 | D:6      | Killed a hippogriff
  4569 | D:6      | Found a stormy altar of Qazlal.
  4629 | D:6      | Reached XP level 9. HP: 32/55 MP: 9/9
  5375 | D:7      | Found a white marble altar of Elyvilon.
  5496 | D:7      | Found a blossoming altar of Fedhas.
  5761 | D:8      | Noticed Grum
  5793 | D:8      | Killed Grum
  6031 | D:8      | Found a shimmering altar of Xom.
  6250 | D:8      | Noticed a two-headed ogre
  6278 | D:8      | Reached XP level 10. HP: 38/61 MP: 10/10
  6414 | D:8      | Reached *** piety under Trog
  6693 | D:8      | Found a glowing silver altar of Zin.
  7214 | D:9      | Found a staircase to the Lair.
  7293 | D:9      | Found a hide-covered altar of Uskayaw.
  7517 | D:9      | Reached skill level 10 in Shields
  7634 | D:9      | Found a sparkling altar of Nemelex Xobeh.
  8051 | D:9      | Reached skill level 10 in Armour
  8192 | Lair:1   | Entered Level 1 of the Lair of Beasts
  8203 | Lair:1   | Noticed a spiny frog
  8221 | D:9      | HP: 2/61 [blink frog (4)]
  8232 | D:9      | HP: 1/61 [blink frog (12)]
  8685 | D:9      | Reached XP level 11. HP: 31/66 MP: 11/11
  8752 | D:9      | Reached skill level 1 in Dodging
  9259 | Lair:1   | Reached skill level 5 in Dodging
  9933 | Lair:2   | Gained mutation: You are partially covered in molten scales. (AC +2) [potion of beneficial mutation]
 10058 | Lair:2   | Found a staircase to the Snake Pit.
 10141 | Lair:2   | Noticed a lindwurm
 10169 | Lair:2   | Found a labyrinth entrance.
 10177 | Lab      | Entered a labyrinth
 10984 | Lab      | Noticed a minotaur
 10998 | Lab      | Killed a minotaur
 11010 | Lab      | Got a steaming platinum ring
 11012 | Lab      | Identified the ring "Xiomuff" {*Corrode rElec rC+ rN+} (You found it in a labyrinth)
 11298 | Lair:2   | Reached skill level 5 in Fighting
 11379 | Lair:2   | Reached XP level 12. HP: 41/78 MP: 12/12
 12263 | Lair:2   | Killed from afar by a lindwurm

Vault maps used:
D:1:      tarquinn_simple_flora_water_d
D:2:      lightli_temple_of_fire, first_bread, minmay_quantized
D:3:      old_standard_altar, evilmike_ruin_ashenzari, minmay_ruptured
D:4:      nicolae_tso_besieged_by_evil
D:5:      lemuel_doored_altar
D:6:      lemuel_crystal_altar
D:7:      kennysheep_mini, basic_altar
D:8:      xom_butterflies, overflow_temple_1_default, grunt_pizzeria,
          corexii_checkpoint_a, minmay_holes, uniq_grum
D:9:      nemelex_xobeh_ov_fountains_minmay, eat_drink_and_be_merry_uskayaw,
          minmay_lair_entry_grove
Lair:1:   beast_lair_carwin_8
Lair:2:   minmay_snake_entry_guardpost_small, lab_entry_generic,
          bh_autumn_forest_stairs, kennysheep_abandoned_house,
          lemuel_fruit_fields
Lab:      labyrinth_mini_lab, nicolae_lab_t_cross, nicolae_lab_flowing_pool,
          nicolae_lab_dead_end, labyrinth_lava_lair

Skill      XL: |  1  2  3  4  5  6  7  8  9 10 11 12 |
---------------+-------------------------------------+-----
Shields        | 4 5 6 7 8 10 | 10.6
Long Blades    | 3 4 5 6 7 9 |  9.6
Armour         | 4 5 6 7 8 10 | 10.6
Dodging        | 8 |  8.0
Fighting       | 5 6 |  6.5

Action                   |  1- 3 |  4- 6 |  7- 9 | 10-12 || total
-------------------------+-------+-------+-------+-------++-------
Melee: Long sword        |    96 |    99 |    70 |   146 ||   411
       Dagger            |       |    95 |   344 |   650 ||  1089
Invok: Trog's Hand       |       |       |     5 |     6 ||    11
       Berserk           |       |       |     1 |     9 ||    10
Evoke: Wand              |       |       |       |    16 ||    16
  Use: Scroll            |       |       |     3 |    15 ||    18
       Potion            |       |       |     1 |     8 ||     9
  Eat: Chunk             |       |     5 |    16 |    39 ||    60
       Fruit             |       |       |     3 |       ||     3
Armor: Scale mail        |    33 |    27 |       |       ||    60
       Chain mail        |       |    34 |   127 |   130 ||   291
Dodge: Dodged            |    36 |    57 |    76 |   181 ||   350
Block: Shield            |    73 |   108 |   155 |   405 ||   741
       Rpst.: Long sword |    11 |    12 |     4 |    13 ||    40
